kominor, lawful male human Samurai --- ---.-- -#- --....----- .. |.........| -#.| -- --........| ... ---. ---------------........-----#- --#.- |....................................o.@.--....- | | | --.............h##...o........#@-...#.- -- .....- --- -------- ..|-............o.|.....- ........ -.|...................-- ........- ---- |......%...........^............- --..----........--.---................| |....|..%......----- |..|........--- -- --.............| -.......|...| |.-...........-- ...|...---.-- ---.............- .---...- -- -............--... .. .... |........-------.- -- ..... ----<.---- --.---- ---- -- kominor the Ronin Experience level: 5 Strength: 15 Dexterity: 17 Constitution: 18 Intelligence: 11 Wisdom: 7 Charisma: 7 Health: 0(51) Energy: 8(8) Def: 6 Gold: 93 Moves: 602 Dungeon seed: Wvb9WucnCMfgAfc7 Game ID: kominor_1582487167 Your Inventory: Coins $ - 93 gold pieces Amulets w - an uncursed amulet of ESP Weapons a - an uncursed +0 katana (weapon in hand) b - an uncursed +0 wakizashi c - an uncursed +0 yumi d - 44 uncursed +0 ya (in quiver) o - 17 uncursed +0 arrows s - 8 uncursed +0 orcish arrows x - 3 uncursed +1 arrows Armor e - an uncursed rustproof +0 splint mail (being worn) Comestibles p - an uncursed gunyoki Scrolls h - a blessed scroll of summoning i - an uncursed scroll of identify Spellbooks k - an uncursed spellbook of cure sickness Potions g - an uncursed potion of gain ability m - a cursed potion of healing r - an uncursed potion of wonder Tools f - an uncursed oil lamp (0:1288) l - an uncursed tin opener t - 5 uncursed tallow candles (0:200) u - an uncursed mirror v - 3 uncursed wax candles (0:400) Gems n - an uncursed worthless piece of blue glass q - 2 uncursed worthless pieces of red glass Spells and supernatural/magical abilities: Name Level Category Cost Memory W - pray for help -- divine ? -- Your skills at the end: Fighting Skills martial arts [Basic] wands [Basic] Weapon Skills short sword [Basic] long sword [Basic] bow [Basic] Spellcasting Skills Final Attributes: You were piously aligned. You were fast. You last prayed 66 turns ago. Amaterasu Omikami was noncommittal. You are dead. Vanquished creatures: a large dog 2 gnome lords a hobgoblin a yellow mold 8 gnomes 2 jackals 2 sewer rats 3 grid bugs a newt 21 creatures vanquished. Voluntary challenges: You used a wielded weapon 23 times, starting on turn 96. You read items or engraved 2 times, starting on turn 53. You never genocided any monsters. You never polymorphed an object. You never changed form. You used no wishes. You never split a pudding. You never wrote Elbereth's name. You never violated your personal moral code. Dungeon overview: The Dungeons of Doom: levels 1 to 2 Level 1 a fountain a long staircase Level 2 stairs to The Gnomish Mines The Gnomish Mines: levels 3 to 4 Level 3 stairs to The Dungeons of Doom Level 4 <- You were here History has recorded: On T:1 you entered the Dungeons of Doom to retrieve the Amulet of Yendor! On T:197 you reached level 2 of The Dungeons of Doom. On T:295 you reached level 1 of The Gnomish Mines. On T:311 you advanced to experience level 2. On T:334 you advanced to experience level 3. On T:503 you reached level 2 of The Gnomish Mines. On T:511 you advanced to experience level 4. On T:549 you advanced to experience level 5. Score breakdown: Gold: 93 ( 6711 points) Experience: 5 levels (11141 points) Exploration: 4 levels ( 8.33%) ( 7579 points) Discoveries: 2 items ( 0.80%) ( 2683 points) Valuables value: (no points given unless you survive) Artifact value: 0 ( 0 points) Variety of kills: 9 monsters ( 2.37%) ( 4616 points) Turncount: 602 turns ( 0 points) Survival: died (score multiplied by 80%) Total score: 26184 Latest messages: Nothing happens. You miss psss. Psss wields a mace! You miss psss. (2x) Psss swings her mace at you. Psss hits! You kick psss. Psss swings her mace at you. Psss hits! The hill orc hurls a bubbly potion! The carafe crashes on your head and breaks into shards. You feel rather tired. It must be a potion of sleeping. The golden haze around psss becomes less dense. Psss swings her mace at you. Psss hits! The hill orc wields a scimitar! Psss swings her mace at you. Psss hits! You die... For some reason, you think that you can almost hear the Wizard laugh manically... Final status: Sayonara kominor the Samurai, killed by a priestess called "psss", while sleeping... You died in The Gnomish Mines on dungeon level 4 with 26184 points, and 93 pieces of gold, after 602 moves. You were level 5 with a maximum of 51 hit points when you died.